 Dungeon Crawl Stone Soup version 0.30-a0-250-g41c1d76940 (console) character file.

Game seed: 5145879073740708913

5245 petzl the Trooper (level 10, -1/77 HPs)
             Began as a Formicid Hunter on Oct 12, 2022.
             Shot with an arrow by a centaur warrior (15 damage)
             ... on level 13 of the Dungeon on Oct 17, 2022.
             The game lasted 00:46:19 (8605 turns).

petzl the Trooper (Formicid Hunter)                 Turns: 8605, Time: 00:46:20

Health: -1/77      AC:  6    Str: 16    XL:     10   Next: 93%
Magic:  9/17       EV: 12    Int: 13    God:
Gold:   227        SH:  5    Dex: 17    Spells: 6/19 levels left

rFire   . . .      SeeInvis +    a - +3 dagger (venom) {!f =f}
rCold   . . .      Faith    .    s - +0 buckler
rNeg    . . .      Spirit   .    e - +0 leather armour
rPois   .          Reflect  .    (helmet unavailable)
rElec   .          Harm     .    (no cloak)
rCorr   .          Rampage  .    (no gloves)
Will    ++++.                    g - +2 pair of boots {Stlth+}
Stlth   ++++......               y - amulet of Qoasengi {Acrobat Will++ SInv}
HPRegen 0.32/turn                m - ring of willpower
MPRegen 0.15/turn                (no ring)

@: no status effects
A: permanent stasis, dig shafts and tunnels, antennae 3, four strong arms
a: Dig, Shaft Self


You were on level 13 of the Dungeon.
You visited 1 branch of the dungeon, and saw 13 of its levels.
You also visited: Gauntlet.

You collected 1335 gold pieces.
You spent 1108 gold pieces at shops.

Inventory:

Hand Weapons
 a - a +3 dagger of venom (weapon) {!f =f}
 b - a +0 shortbow
 f - a +3 mace of protection
 p - a +0 trident of flaming
Missiles
 l - 23 poisoned darts
Armour
 e - a +0 leather armour (worn)
 g - a +2 pair of boots of stealth (worn)
 s - a +0 buckler (worn)
Jewellery
 m - a ring of willpower (left hand)
 v - an amulet of regeneration
 x - a ring of fire
 y - the amulet of Qoasengi (around neck) {Acrobat Will++ SInv}
   (You bought it in a shop on level 5 of the Dungeon)

   [amulet of the acrobat]

   It increases your evasion while moving and waiting.
   SInv:      It lets you see invisible.
   Will:      It greatly increases your willpower.
Wands
 n - a wand of paralysis (3)
Scrolls
 d - 5 scrolls of identify
 k - 2 scrolls of immolation
 t - 2 scrolls of fog
 u - a scroll of fear
 C - a scroll of enchant armour
Potions
 c - 2 potions of mutation {unknown}
 h - a potion of haste {unknown}
 i - 2 potions of degeneration {unknown}
 j - 2 potions of heal wounds
 o - a potion of cancellation {unknown}
 q - 2 potions of berserk rage {unknown}
 z - a potion of curing {unknown}
 A - a potion of brilliance {unknown}
 B - 2 potions of might


   Skills:
 + Level 6.6 Fighting
 - Level 2.0 Short Blades
 - Level 4.0 Ranged Weapons
 - Level 2.2 Armour
 - Level 2.7 Dodging
 - Level 5.0 Stealth
 - Level 4.0 Shields
 + Level 5.2 Spellcasting
 * Level 6.3 Conjurations
 + Level 2.9 Transmutations
 + Level 2.8 Fire Magic
 + Level 2.6 Ice Magic
 + Level 4.7 Air Magic
 - Level 6.0 Poison Magic


You had 6 spell levels left.
You knew the following spells:

 Your Spells              Type           Power      Damage    Failure   Level
a - Poisonous Vapours     Pois/Air       34%        N/A       4%          2
l - Freezing Cloud        Conj/Ice/Air   7%         6-21      75%         5
m - Mephitic Cloud        Conj/Pois/Air  18%        N/A       8%          3
I - Ignite Poison         Fire/Tmut/Pois 13%        N/A       16%         3

Your spell library contained the following spells:

 Spells                   Type           Power      Damage    Failure   Level
 Cigotuvi's Dreadful Rot  Necr/Pois/Air  24%        N/A       10%         2
 Kindle Blastsparks       Fire/Tloc/Air  18%        2d11      28%         3
 Portal Projectile        Hex/Tloc       6%         N/A       63%         3
 Tukima's Dance           Hex            3%         N/A       63%         3
 Blade Hands              Tmut           5%         N/A       92%         5


Dungeon Overview and Level Annotations

Branches:
Dungeon (14/15)               Orc (0/2) D:10        Gauntlet (visited)
 Temple: D:4-7         Lair: D:8-11      Vaults: D:13-14

Altars:
Elyvilon
Xom

Shops:
D:5 =   D:6 :

Portals:
Trove: D:12 (give +3 shadow dragon scales)

Annotations:
D:2 Sigmund
D:3 1 runed translucent door, exclusions: downstairs and upstairs, ImHallYall's ghost, weakling DsFi
D:4 exclusion: downstairs, Edmund; Menkaure
D:11 exclusion: upstairs
D:12 1 runed translucent door, exclusion: centaur, Sobieck's ghost, journeyman OgSu; Sonja
D:13 exclusions: 2 acid dragons, centaur, downstairs and upstairs


Innate Abilities, Weirdness & Mutations

You cannot be hasted, slowed, berserked, paralysed or teleported.
You can dig through walls and to a lower floor.
You have a pair of large antennae on your head. (SInv)
Your four strong arms can wield two-handed weapons with a shield.


Message History

Press: ? - help, v - describe, . - travel
Here: a deep elf pyromancer, wielding a +0 short sword and wearing a +0 leather armour (lightly wounded)
The floor.
Unknown command.
Unknown command.
Casting: Mephitic Cloud (dangerous; 8% risk of failure)
Confirm with . or Enter, or press ? or * to list all spells.
Aiming: Mephitic Cloud (dangerous; 8% risk of failure)
Press: ? - help, Shift-Dir - straight line The ball explodes into a vile cloud!
The stinking cloud engulfs the deep elf pyromancer but does no damage.
The deep elf pyromancer is lightly wounded.
The deep elf pyromancer casts a spell.
The deep elf pyromancer blinks!
Casting: Mephitic Cloud (dangerous; 8% risk of failure)
Confirm with . or Enter, or press ? or * to list all spells.
Aiming: Mephitic Cloud (dangerous; 8% risk of failure)
Press: ? - help, Shift-Dir - straight line, f - deep elf pyromancer
Aim: a deep elf pyromancer, wielding a +0 short sword and wearing a +0 leather armour (lightly wounded, chance to affect: 58%)
The ball explodes into a vile cloud!
The stinking cloud engulfs the deep elf pyromancer but does no damage.
The deep elf pyromancer is lightly wounded.
The deep elf pyromancer is engulfed in noxious fumes.
The deep elf pyromancer appears confused.
You barely miss the deep elf pyromancer.
The deep elf pyromancer is lightly wounded.
You catch the helpless deep elf pyromancer completely off-guard!
You puncture the deep elf pyromancer!
The deep elf pyromancer is poisoned.
The deep elf pyromancer is heavily wounded.
The deep elf pyromancer hits you with a +0 short sword.
You barely miss the deep elf pyromancer.
The deep elf pyromancer is heavily wounded.
A centaur warrior comes into view.
Are you sure you want to shaft yourself?
The centaur warrior wields a +0 shortbow.
The centaur warrior shoots an arrow.
The arrow hits you!!
* * * LOW HITPOINT WARNING * * *
The deep elf pyromancer ponders the situation.
The centaur warrior shoots an arrow.
The arrow hits you!
You die...

.
............................
.
.............#..............
.
###..........#.##..........#
...
#.......................#
...
#.......>......(.......##
... ......................##
... ......#...............#
... ....##.............####
... .... ..............#..#
... ... ..##..............
... .. ... ..............#
... ..........##..........##
... ......... #..........##
... ......... ##...[.......#
.. ........###...........##
... ......°.°.##...........#
... ........°e###.##.....###
#.. #...c°...##..###......#
. #@°......##..#..## .
#..°........##### .
#.°........## .
..e....###..##.## .......#
####### ........ .#.#...#
####..# ####


You could see a centaur warrior and a deep elf pyromancer (confused, very
poisoned).

Vanquished Creatures
  Lodul (D:11)
  4 kobold demonologists
  5 yaks (D:11)
  A sky beast (D:6)
  9 ogres
  2 kobold brigands (D:11)
  A necrophage (D:5)
  2 jellies (D:4)
  2 orc priests
  A hound (D:4)
  An iguana (D:5)
  Natasha (thrice) (D:2)
  3 orc wizards
  9 gnolls
  8 adders
  3 dart slugs
  3 orcs
  6 bats
  5 endoplasms
  4 giant cockroaches
  5 goblins
  4 hobgoblins
  7 jackals
  9 kobolds
  4 ball pythons
  6 frilled lizards
  5 rats
113 creatures vanquished.

Vanquished Creatures (collateral kills)
  A two-headed ogre (D:10)
  An ugly thing (D:10)
  A troll (D:10)
  A shadow (D:10)
  2 orc wizards (D:10)
6 creatures vanquished.

Vanquished Creatures (others)
  A human (D:13)
  26 plants
27 creatures vanquished.

Grand Total: 146 creatures vanquished

Notes
Turn   | Place    | Note
-------+----------+-------------------------------------------
     0 | D:1      | petzl the Formicid Hunter began the quest for the Orb.
     0 | D:1      | Reached XP level 1. HP: 16/16 MP: 1/1
    46 | D:1      | Reached XP level 2. HP: 23/23 MP: 2/2
   224 | D:1      | Reached XP level 3. HP: 28/28 MP: 4/4
   292 | D:1      | Reached skill level 1 in Armour
   435 | D:1      | Reached skill level 1 in Spellcasting
   724 | D:2      | Reached XP level 4. HP: 22/34 MP: 5/5
   833 | D:2      | Noticed Natasha
   856 | D:2      | Noticed Sigmund
  1184 | D:2      | Killed Natasha
  1314 | D:2      | Noticed Natasha
  1323 | D:2      | Killed Natasha
  1324 | D:2      | Reached XP level 5. HP: 33/41 MP: 7/7
  1407 | D:2      | Noticed Natasha
  1414 | D:2      | Killed Natasha
  1735 | D:3      | Found a runed translucent door.
  2213 | D:3      | Noticed ImHallYall's ghost (weakling DsFi)
  2255 | D:4      | Learned a level 3 spell: Mephitic Cloud
  2274 | D:4      | Noticed Menkaure
  2349 | D:3      | Reached XP level 6. HP: 47/47 MP: 9/9
  2352 | D:3      | Learned a level 2 spell: Poisonous Vapours
  2529 | D:2      | You fall into a shaft and drop 1 floor!
  2584 | D:5      | Entered Level 5 of the Dungeon
  2748 | D:4      | Reached skill level 1 in Poison Magic
  2839 | D:4      | Identified a scroll of acquirement
  3065 | D:4      | Noticed Edmund
  3317 | D:2      | You fall into a shaft and drop 1 floor!
  3566 | D:2      | Reached skill level 1 in Conjurations
  3754 | D:3      | Reached skill level 1 in Air Magic
  4419 | D:6      | Found Ukhibla's Book Shoppe.
  4473 | D:6      | Acquired 903 gold pieces
  4475 | D:6      | Bought a Trismegistus Codex for 336 gold pieces
  4479 | D:6      | Learned a level 3 spell: Ignite Poison
  4574 | D:6      | Reached XP level 7. HP: 53/53 MP: 10/10
  5326 | D:5      | Found a shimmering altar of Xom.
  5420 | D:5      | Found Cedwud's Jewellery Emporium.
  5424 | D:5      | Bought the amulet of Qoasengi {Acrobat Will++ SInv} for 772
                  | gold pieces
  6091 | D:6      | Reached skill level 1 in Short Blades
  6091 | D:6      | Reached skill level 1 in Shields
  6304 | D:5      | Reached XP level 8. HP: 35/60 MP: 12/12
  6472 | D:7      | Noticed a hornet
  6478 | D:7      | You fall into a shaft and drop 3 floors!
  6478 | D:10     | Entered Level 10 of the Dungeon
  6489 | D:10     | Noticed a troll
  6554 | D:10     | Noticed a shadow
  6564 | D:10     | Killed a shadow
  6565 | D:10     | Noticed a cyan ugly thing
  6570 | D:10     | Killed a cyan ugly thing
  6571 | D:10     | Reached skill level 5 in Poison Magic
  6574 | D:10     | Noticed a two-headed ogre
  6579 | D:10     | Killed a troll
  6580 | D:10     | Reached XP level 9. HP: 67/67 MP: 14/14
  6581 | D:10     | Killed a two-headed ogre
  6582 | D:10     | Reached skill level 5 in Fighting
  6583 | D:10     | Noticed a cyclops
  6642 | D:10     | Noticed a komodo dragon
  6645 | D:10     | You fall into a shaft and drop 2 floors!
  6703 | D:12     | Found a portal to a secret trove of treasure.
  6718 | D:12     | Found a runed translucent door.
  6718 | D:12     | Noticed Sobieck's ghost (journeyman OgSu)
  6817 | D:13     | Acquired a +2 pair of boots of stealth
  6847 | D:12     | Noticed Sonja
  6898 | D:11     | Found a gate leading to a gauntlet.
  6907 | Gauntlet | Entered a Gauntlet
  6907 | Gauntlet | Noticed a tengu conjurer
  6907 | Gauntlet | Found a transporter.
  6907 | Gauntlet | Found a transporter.
  6907 | Gauntlet | Found a transporter.
  6909 | Gauntlet | Noticed a tengu warrior
  6929 | Gauntlet | Found a transporter.
  6939 | Gauntlet | Found a transporter.
  6941 | Gauntlet | Noticed a queen bee
  6944 | Gauntlet | Found a transporter.
  6950 | Gauntlet | Noticed an efreet
  6952 | Gauntlet | Found a transporter.
  6970 | Gauntlet | Found a transporter.
  6970 | Gauntlet | Noticed a blizzard demon
  6970 | Gauntlet | Noticed an ice devil
  6974 | Gauntlet | Found a runed translucent door.
  6989 | Gauntlet | Found a transporter.
  6989 | Gauntlet | Found a transporter.
  6990 | Gauntlet | Noticed a catoblepas
  6997 | Gauntlet | Found a transporter.
  7000 | Gauntlet | Found a transporter.
  7000 | Gauntlet | Noticed a gargoyle
  7001 | Gauntlet | Noticed a rime drake
  7027 | Gauntlet | Noticed an ice statue
  7127 | D:11     | Reached skill level 5 in Conjurations
  7134 | D:11     | Learned a level 5 spell: Freezing Cloud
  7388 | D:11     | Noticed a kobold demonologist
  7391 | D:11     | Noticed a kobold demonologist
  7394 | D:11     | Noticed a kobold demonologist
  7403 | D:11     | Killed a kobold demonologist
  7404 | D:11     | Reached skill level 1 in Transmutations
  7404 | D:11     | Reached skill level 1 in Fire Magic
  7409 | D:11     | Killed a kobold demonologist
  7410 | D:11     | Reached skill level 1 in Ice Magic
  7410 | D:11     | Reached XP level 10. HP: 68/76 MP: 2/16
  7649 | D:10     | Noticed a kobold demonologist
  7659 | D:10     | Noticed a rust devil
  7777 | D:11     | Noticed Lodul
  7795 | D:11     | Killed Lodul
  7796 | D:11     | Reached skill level 5 in Spellcasting
  7849 | D:10     | You fall into a shaft and drop 1 floor!
  7910 | D:11     | Killed a kobold demonologist
  7911 | D:11     | Reached skill level 5 in Stealth
  8045 | D:10     | Killed a kobold demonologist
  8164 | D:10     | Found a staircase to the Orcish Mines.
  8225 | D:10     | Noticed a deep elf pyromancer
  8240 | D:10     | You fall into a shaft and drop 3 floors!
  8240 | D:13     | Found a white marble altar of Elyvilon.
  8406 | D:14     | Noticed a manticore
  8514 | D:14     | Noticed a white ugly thing
  8547 | D:12     | Noticed a boulder beetle
  8590 | D:13     | Noticed a deep elf pyromancer
  8604 | D:13     | Noticed a centaur warrior
  8605 | D:13     | Shot with an arrow by a centaur warrior

Illustrated notes

Levels and vault maps discovered:
D:1:      dpeg_arrival_castle, layout_basic
D:2:      layout_basic, minmay_liquid_box, uniq_sigmund, uniq_natasha
D:3:      minmay_spotlight, layout_basic, ebering_ghost_sewer_d, serial_rivers,
          chequers_serial_rivers_room_b, chequers_serial_rivers_small_b,
          chequers_serial_rivers_micro_a, chequers_serial_rivers_micro_a,
          chequers_serial_rivers_room_b, chequers_serial_rivers_micro_a
D:4:      layout_loops_ring, uniq_menkaure, uniq_edmund
D:5:      layout_loops_corners, mainiacjoe_overflow_alcove_4, serial_bayou,
          serial_bayou_crossing, serial_bayou_ford_a, serial_bayou_lagoon_a,
          serial_bayou_shore_a, serial_shops, shop, chequers_serial_rivers_marsh
D:6:      layout_loops_cross, nicolae_ashenzari_skybound, serial_shops,
          shop_statue, serial_bayou, serial_bayou_pond_d, serial_bayou_shore_b,
          serial_bayou_pond_c, serial_bayou_pond_d
D:7:      layout_loops_ring, nicolae_tso_swordbearing_angel,
          minmay_temple_entry_trees, enter_bailey_6, uniq_joseph
D:9:      layout_stronghold, minmay_protected_statue, uniq_pikel
D:10:     minmay_the_grid_four_pointed_star_mashed
          [minmay_the_grid_triangle_9x9_alien,
          minmay_the_grid_triangle_9x9_swiss_cheese,
          minmay_the_grid_triangle_9x9_sparse_checkered,
          minmay_the_grid_triangle_9x9_stretched_checkered,
          minmay_the_grid_prize_big_room], layout_stronghold,
          lemuel_doored_altar, orc_0_dummy, minmay_splitting_lines
D:11:     layout_stronghold, gauntlet_entry_generic, uniq_lodul
D:12:     layout_rooms, hellmonk_ghost_happy_afterlife, enter_trove_0,
          uniq_sonja
D:13:     layout_cave_pools, ximxim_vaults_locker_room, elyvilon_altar_5
D:14:     layout_roguey, nicolae_qazlal_scattered_showers, st_stairs_6,
          minmay_misc_feat_secret_circle, uniq_nessos

Skill      XL: |  1  2  3  4  5  6  7  8  9 10 |
---------------+-------------------------------+-----
Dodging        | 2 |  2.7
Armour         | 1 2 |  2.2
Stealth        | 2 3 5 |  5.0
Spellcasting   | 1 2 3 4 5 |  5.2
Fighting       | 3 4 5 6 |  6.6
Poison Magic   | 2 3 5 6 |  6.0
Conjurations   | 1 2 3 5 6 |  6.3
Air Magic      | 1 2 3 4 |  4.7
Short Blades   | 1 2 |  2.0
Shields        | 1 3 4 |  4.0
Transmutations | 1 2 |  2.9
Fire Magic     | 1 2 |  2.8
Ice Magic      | 1 2 |  2.6
Ranged Weapons | |  4.0

Action                   |  1- 3 |  4- 6 |  7- 9 | 10-12 || total
-------------------------+-------+-------+-------+-------++-------
Melee: Dagger            |     3 |    75 |    40 |    74 ||   192
       Punch             |       |     1 |       |       ||     1
       Mace              |       |     7 |       |     3 ||    10
       Trident           |       |       |     9 |       ||     9
 Fire: Shortbow          |    74 |   130 |    30 |    43 ||   277
 Cast: Poisonous Vapours |       |     2 |    19 |     2 ||    23
       Mephitic Cloud    |       |       |     5 |    24 ||    29
 Abil: Shaft Self        |       |     2 |     2 |     3 ||     7
  Use: Scroll            |       |     5 |     7 |       ||    12
       Potion            |       |       |     2 |     1 ||     3
 Stab: Sleeping          |       |     2 |       |       ||     2
       Confused          |       |       |     2 |     8 ||    10
Armor: Leather armour    |     6 |    30 |     5 |    14 ||    55
Dodge: Dodged            |    21 |    93 |    34 |    35 ||   183
Block: Buckler           |       |    16 |    19 |    14 ||    49

Table legend: (Time is in decaauts)
 A = Elapsed time spent in this place.
 B = Non-inter-level travel time spent in this place.
 C = Inter-level travel time spent in this place.
 D = Time resting spent in this place.
 E = Time spent auto-exploring this place.
 F = Levels seen in this place.
 G = Mean time per level.
                   A        B        C        D        E       F      G
               +--------+--------+--------+--------+--------+-----+--------+
         Total |   8739 |   8301 |    438 |   2276 |   2985 |  14 |  624.2 |
       Dungeon |   8594 |   8156 |    438 |   2276 |   2985 |  13 |  661.1 |
      Gauntlet |    144 |    144 |      0 |      0 |      0 |   1 |  144.0 |
               +--------+--------+--------+--------+--------+-----+--------+

Top non-repeatable levels by time:
     D:5: 1918 daAuts
     D:3: 1645 daAuts
     D:2: 1156 daAuts
    D:11: 957 daAuts
     D:4: 797 daAuts
     D:1: 726 daAuts
    D:10: 407 daAuts
     D:6: 352 daAuts
    D:13: 350 daAuts
    D:12: 191 daAuts
Gauntlet: 144 daAuts
    D:14: 69 daAuts
     D:7: 19 daAuts
     D:9: 1 daAuts
